 Dungeon Crawl Stone Soup version 0.25-a0-404-gc1b5a34292 (console) character file.

Game seed: 14503889544186605862, levelgen mode: deterministic

249 Kagalorn the Sneak (level 6, -7/44 HPs)
             Began as a Human Assassin on Jan 10, 2020.
             Mangled by Sigmund
             ... wielding a +0 scythe
              (13 damage)
             ... on level 3 of the Dungeon.
             The game lasted 00:09:18 (3197 turns).

Kagalorn the Sneak (Human Assassin)                 Turns: 3197, Time: 00:09:19

Health: -7/44      AC:  4    Str: 11    XL:     6   Next: 35%
Magic:  6/6        EV: 12    Int: 13    God:
Gold:   88         SH:  0    Dex: 15    Spells: 5/5 levels left

rFire    . . .     SeeInvis .   a - +2 dagger
rCold    . . .     Gourm    .   (no shield)
rNeg     . . .     Faith    .   b - +0 robe
rPois    .         Spirit   .   (no helmet)
rElec    .         Reflect  .   c - +0 cloak
rCorr    .         Harm     .   h - +0 pair of gloves (curse)
MR       .....                  (no boots)
Stlth    ++........             (no amulet)
HPRegen  0.14/turn              (no ring)
MPRegen  0.10/turn              (no ring)

@: confused
A: no striking features
a: no special abilities


You were on level 3 of the Dungeon.
You were hungry.

You visited 1 branch of the dungeon, and saw 3 of its levels.

You collected 88 gold pieces.

Inventory:

Hand Weapons
 a - a +2 dagger (weapon)
Missiles
 e - 2 curare-tipped darts
 g - 105 stones
 r - 6 poisoned darts (quivered)
Armour
 b - a +0 robe (worn)
 c - a +0 cloak (worn)
 h - a cursed +0 pair of gloves (worn)
 k - a +0 large shield
Scrolls
 d - a scroll of magic mapping {unknown}
 i - 2 scrolls of random uselessness {unknown}
 l - a scroll of remove curse {unknown}
 m - 3 scrolls of enchant weapon {unknown}
 p - a scroll of teleportation {unknown}
 q - a scroll of blinking {unknown}
Potions
 j - a potion of haste {unknown}
 n - a potion of curing
 o - a potion of lignification {unknown}
Comestibles
 f - 3 rations
 s - a chunk of flesh


   Skills:
 - Level 2.0 Fighting
 - Level 2.0 Short Blades
 - Level 2.0 Throwing
 - Level 1.0 Dodging
 * Level 7.7 Stealth


You had 5 spell levels left.
You didn't know any spells.
Your spell library contained the following spells:

 Spells                   Type           Power        Failure   Level  Hunger
 Confusing Touch          Hex            #.......     67%         3    ####...
 Gell's Gravitas          Tloc           #.........   67%         3    ####...
 Petrify                  Tmut/Erth      #.......     97%         4    #####..
 Metabolic Englaciation   Hex/Ice        #.........   100%        5    ######.
 Yara's Violent Unravell  Hex/Tmut       #.........   100%        5    ######.


Dungeon Overview and Level Annotations

Branches:
Dungeon (3/15)

Altars:
Elyvilon

Annotations:
D:3 Ijyb, Sigmund


Message History

The jackal skeleton closely misses you.
Sigmund mumbles some strange words.
Sigmund flickers and vanishes!
The jackal skeleton bites you.
* * * LOW HITPOINT WARNING * * *
The jackal skeleton bites you but does no damage.
You see here a spear.
Ijyb the Twisted Goblin comes into view.
She is carrying a wand of scattershot (4).
The jackal skeleton barely misses you. The jackal skeleton barely misses you.
The jackal skeleton closely misses you.
You hear some strange, mumbled words.
You are confused.
The jackal skeleton closely misses you.
You bump into the rock wall.
You are feeling hungry.
The jackal skeleton bites you.
* * * LOW HITPOINT WARNING * * *
Something hits you!
You die...

#.# #...# #....### #.#
#.###...###....... #.#
#.#............... #.#
#.#............... #.#
#.#..........###..
#.###.#..........# ###
#...#.#..........# #
###.#.#..........# #
#.#@#..........# #
#.#Z#####'###### #
#.#{#####.###### ###
###..o..รท.......g.....
.........................
#######..................
#..................
####....##############
..........).{o........


You could see an orc and a jackal skeleton.

Vanquished Creatures
  Natasha (thrice) (D:2)
  Terence (D:2)
  An orc wizard (D:3)
  4 adders
  An ooze (D:1)
  A worm (D:2)
  4 dart slugs
  2 leopard geckos
  2 orcs (D:3)
  6 giant cockroaches
  5 hobgoblins
  2 jackals (D:2)
  14 kobolds
  4 quokkas (D:2)
  A ball python (D:2)
  8 bats
  A frilled lizard (D:3)
  7 goblins
  10 rats
77 creatures vanquished.

Vanquished Creatures (others)
  An adder (D:2)
  A quokka (D:2)
  A frilled lizard (D:2)
3 creatures vanquished.

Grand Total: 80 creatures vanquished

Notes
Turn   | Place    | Note
-------+----------+-------------------------------------------
     0 | D:1      | Kagalorn the Human Assassin began the quest for the Orb.
     0 | D:1      | Reached XP level 1. HP: 16/16 MP: 1/1
    91 | D:1      | Reached XP level 2. HP: 12/22 MP: 2/2
   357 | D:1      | Reached XP level 3. HP: 20/27 MP: 3/3
   383 | D:1      | Reached skill level 5 in Stealth
  1207 | D:2      | Reached XP level 4. HP: 33/33 MP: 4/4
  1511 | D:2      | Reached skill level 6 in Stealth
  1575 | D:2      | Found a white marble altar of Elyvilon.
  1632 | D:2      | Noticed Natasha
  1649 | D:2      | Killed Natasha
  1649 | D:2      | Reached XP level 5. HP: 10/38 MP: 5/5
  1850 | D:2      | Noticed Natasha
  1863 | D:2      | Killed Natasha
  2437 | D:2      | Noticed Natasha
  2451 | D:2      | Killed Natasha
  2451 | D:2      | Reached skill level 7 in Stealth
  2715 | D:2      | Noticed Terence
  2729 | D:2      | Killed Terence
  2729 | D:2      | Reached XP level 6. HP: 29/44 MP: 6/6
  3117 | D:3      | Noticed Sigmund
  3188 | D:3      | Noticed Ijyb
  3197 | D:3      | Mangled by Sigmund

Levels and vault maps discovered:
D:1:      dpeg_arrival_line_fractal, layout_basic
D:2:      layout_loops_cross, elyvilon_altar_4, uniq_terence, uniq_natasha
D:3:      layout_basic, first_ration, st_stairs_8, grunt_decor_one_mirror,
          grunt_ministairs_4, uniq_ijyb, uniq_sigmund

Skill      XL: |  1  2  3  4  5 |
---------------+----------------+-----
Stealth        | 5 6 7 |  7.7
Fighting       | |  2.0
Short Blades   | |  2.0
Throwing       | |  2.0
Dodging        | |  1.0

Action                   |  1- 3 |  4- 6 || total
-------------------------+-------+-------++-------
Melee: Dagger            |   101 |   169 ||   270
Throw: Dart              |       |    41 ||    41
 Stab: Sleeping          |     8 |    13 ||    21
  Eat: Chunk             |     1 |     6 ||     7
Armor: Robe              |    28 |    42 ||    70
Dodge: Dodged            |    66 |    83 ||   149

Table legend:
 A = Non-vault XP
 B = Vault XP
 C = Vault XP percentage of total XP
 D = Non-vault monster count
 E = Vault monster count
 F = Vault count percentage of total count
                 A         B        C        D         E       F
            +---------+---------+-------+---------+---------+-------
      Total |     269 |      88 |  24.6 |      73 |       4 |   5.2
            +---------+---------+-------+---------+---------+-------
        D:1 |      62 |       0 |   0.0 |      33 |       0 |   0.0
        D:2 |     155 |      72 |  31.7 |      28 |       2 |   6.7
        D:3 |      52 |      16 |  23.5 |      12 |       2 |  14.3
            +---------+---------+-------+---------+---------+-------
